 Dungeon Crawl Stone Soup version 0.17.1-3-g152610e (webtiles) character file.

69137 inmateoo the Arsonist (level 14, -1/121 HPs)
             Began as a Black Draconian Fire Elementalist on Apr 20, 2016.
             Was a High Priest of Vehumet.
             Slain by a spiny frog (23 damage)
             ... on level 7 of the Lair of Beasts.
             The game lasted 01:06:26 (29616 turns).

inmateoo the Arsonist (DrFE)                       Turns: 29616, Time: 01:06:27

Health: -1/121     AC: 11    Str: 16    XL:     14   Next: 89%
Magic:  17/27      EV: 21    Int: 20    God:    Vehumet [*****.]
Gold:   2960       SH:  6    Dex: 18    Spells: 9 memorised, 1 level left

rFire  . . .     SeeInvis .     P - +10 mace "Conservator" {freeze, rPois rN+ Dex+6}
rCold  + . .     Clarity  .     (armour unavailable)
rNeg   + . .     SustAt   .     E - +0 buckler
rPois  +         Gourm    .     (helmet restricted)
rElec  +         Spirit   .     G - +1 cloak
rCorr  .         Warding  .     q - +0 pair of gloves
rMut   .         Rnd*Tele +     (no boots)
MR     +....                    (no amulet)
Stlth  ++........               a - +3 ring of evasion
                                y - +5 ring of strength

@: lethally poisoned (-1 -> -3), short of breath, repel missiles, somewhat
resistant to hostile enchantments, unstealthy
A: breathe lightning, unfitting armour, big wings, hooves 1, horns 2, cold
resistance 1, electricity resistance, teleportitis 1, cold-blooded, MP-powered
wands, AC +8
a: Breathe Lightning, Fly, Renounce Religion


You were on level 7 of the Lair of Beasts.
You worshipped Vehumet.
Vehumet was extremely pleased with you.
You were very hungry.

You visited 2 branches of the dungeon, and saw 22 of its levels.
You also visited: Sewer, Bailey and Ice Cave.

You collected 2960 gold pieces.

Inventory:

Hand Weapons
 L - the +10 sword of Jihad {holy, *Rage rN+ EV+3 Stlth-}
   (You found it on level 12 of the Dungeon)

   It has been blessed by the Shining One to cause great damage to the undead
   and demons.
   It affects your evasion (+3).
   It protects you from negative energy.
   It may make you go berserk in combat.
   It makes you less stealthy.
 P - the +10 mace "Conservator" (weapon) {freeze, rPois rN+ Dex+6}
   (You found it on level 9 of the Dungeon)

   It has been specially enchanted to freeze those struck by it, causing extra
   injury to most foes and up to half again as much damage against particularly
   susceptible opponents.
   It can also slow down cold-blooded creatures.
   It affects your dexterity (+6).
   It protects you from poison.
   It protects you from negative energy.
Armour
 q - a +0 pair of gloves (worn)
 E - a +0 buckler (worn)
 G - a +1 cloak (worn)
Jewellery
 a - a +3 ring of evasion (right hand)
 i - an uncursed ring of protection from cold
 o - an uncursed ring of protection from magic
 w - an uncursed ring of protection from magic
 y - a +5 ring of strength (left hand)
 D - an uncursed ring of see invisible
 I - an uncursed ring of poison resistance
 U - an uncursed ring of wizardry
Wands
 f - a wand of paralysis (15)
 h - a wand of cold (9)
 p - a wand of heal wounds (5)
 t - a wand of teleportation (2)
 C - a wand of fire (6)
 K - a wand of draining (5)
 Q - a wand of disintegration (8)
 S - a wand of disintegration (14)
Scrolls
 c - 7 scrolls of teleportation
 d - a scroll of identify
 e - 4 scrolls of fog
 g - a scroll of fear
 j - 2 scrolls of amnesia
 r - 6 scrolls of blinking
 B - 2 scrolls of magic mapping
 F - a scroll of holy word
 H - 3 scrolls of recharging
 V - a scroll of enchant armour
 X - a scroll of remove curse
 Y - 3 scrolls of enchant weapon
Potions
 k - 8 potions of curing
 l - 3 potions of might
 m - a potion of resistance
 n - 3 potions of flight
 s - 4 potions of cancellation
 v - a potion of heal wounds
 x - 8 potions of brilliance
 A - 2 potions of magic
 M - a potion of beneficial mutation
 N - 2 potions of agility
 O - a potion of invisibility
 W - 2 potions of haste
Books
 R - a book of Fire

   Spells                             Type                      Level
   a - Ignite Poison                  Fire/Transmutation/Poison    3
   b - Fireball                       Conjuration/Fire             5
   c - Bolt of Fire                   Conjuration/Fire             6
   d - Delayed Fireball               Conjuration/Fire             7
   e - Ring of Flames                 Charms/Fire                  7
Comestibles
 b - 11 bread rations
 z - 8 meat rations
 J - 14 fruits
 T - 2 beef jerkies


   Skills:
 + Level 10.0 Fighting
 - Level 7.0 Long Blades
 + Level 7.6 Maces & Flails
 + Level 7.6 Dodging
 - Level 1.7 Stealth
 - Level 5.8 Shields
 + Level 9.5 Spellcasting
 + Level 10.2 Conjurations
 + Level 3.2 Charms
 - Level 3.5 Transmutations
 + Level 14.1 Fire Magic
 - Level 2.3 Earth Magic


You had one spell level left.
You knew the following spells:

 Your Spells              Type           Power        Failure   Level  Hunger
a - Flame Tongue          Conj/Fire      #####        1%          1    None
b - Fireball              Conj/Fire      ######....   1%          5    #####..
c - Conjure Flame         Conj/Fire      ######..     1%          3    None
d - Sticky Flame          Conj/Fire      ######..     1%          4    ##.....
e - Iron Shot             Conj/Erth      ####......   36%         6    ######.
f - Stoneskin             Trmt/Erth      ###.....     3%          2    None
g - Repel Missiles        Chrm/Air       ###...       10%         2    None
h - Blink                 Tloc           N/A          14%         2    None
i - Bolt of Fire          Conj/Fire      ######....   2%          6    ######.


Dungeon Overview and Level Annotations

Branches:
Dungeon (14/15)            Temple (0/1) D:7            Lair (8/8) D:11
  Swamp (0/4) Lair:4        Snake (0/4) Lair:4        Slime (0/6) Lair:6
    Orc (0/4) D:9
 Vaults: D:13-14

Altars:
Elyvilon
Fedhas
Gozag
Kikubaaqudgha
Nemelex Xobeh
Okawaru
Vehumet
The Shining One
Beogh

Shops:
D:11 (

Portals:
Trove: D:13 (give 14 potions of curing)

Annotations:
D:3 Grinder
D:9 Gastronok


Innate Abilities, Weirdness & Mutations

You can breathe wild blasts of lightning.
Your glossy black scales are hard (AC +8).
Your body does not fit into most forms of armour.
Your large and strong wings let you fly indefinitely.
You are resistant to electric shocks.
You are cold-blooded and may be slowed by cold attacks.
You have large cloven feet.
You have a pair of horns on your head.
Your flesh is cold resistant.
You are occasionally teleported next to monsters.
You expend magic power (3 MP) to strengthen your wands.


Message History

Aiming: Sticky Flame
Press: ? - help, Shift-Dir - straight line, f - spiny frog, p - seven-headed hydra
Aim: a spiny frog (severely wounded)
The sticky flame hits the spiny frog.
The spiny frog appears unharmed.
The spiny frog is severely wounded.
The spiny frog is covered in liquid flames!
The spiny frog burns!
The seven-headed hydra burns!
The spiny frog misses you.
You block the seven-headed hydra's attack.
The seven-headed hydra bites you. The seven-headed hydra misses you.
The seven-headed hydra bites you! The seven-headed hydra bites you.
* * * LOW HITPOINT WARNING * * *
You block the seven-headed hydra's attack.
The seven-headed hydra bites you!
* * * LOW HITPOINT WARNING * * *
Unknown command.
You feel sick.
The spiny frog burns!
The seven-headed hydra burns!
Unknown command.
You feel sick.
The spiny frog burns!
The seven-headed hydra burns!
The spiny frog stings you!!
You die...

...####..#.!............<........
....###P.P.......................
...##.#.....................<....
..####..........................#
...###.......[.................##
...P.#........................##
.........P..÷..................#
.........P...............P...####
.......PP...÷...@................
....P..#......DF..^.......#.....#
.##..P....................#.....#
...P............#.......##.#.....
....P............................
..........>......................
.........................#......P
................................#
..............................P#.


You could see a seven-headed hydra (burning) and a spiny frog (burning).

Vanquished Creatures
  Louise (D:13)
  Snorg (Lair:5)
  Fannar (D:10)
  2 ice dragons (IceCv)
  6 hydras
  Erica (D:11)
  2 centaur warriors (D:13)
  A death yak (Lair:5)
  A tengu warrior (D:13)
  A deep elf knight (D:11)
  An unseen horror (D:13)
  6 hill giants
  3 orc knights
  Pikel (D:4)
  3 griffons
  2 cyclopes
  A lindwurm (Lair:4)
  3 ugly things
  A manticore (D:14)
  Maurice (D:8)
  A black mamba (Lair:7)
  5 elephants (Lair:5)
  2 ice statues (IceCv)
  2 centaur skeletons
  15 spiny frogs
  3 komodo dragons
  2 fire drakes
  5 kobold demonologists (D:14)
  4 trolls
  A tengu conjurer (D:13)
  2 boulder beetles
  6 slime creatures
  Prince Ribbit (D:7)
  2 polar bears (Lair:6)
  18 blink frogs
  A giant leech (Lair:8)
  A trapdoor spider zombie (D:11)
  A shadow (D:13)
  2 deep elf magi
  3 wraiths
  48 yaks
  4 wyverns
  2 basilisks
  Eustachio (D:11)
  A human (D:7)
  8 vampire mosquitoes (Lair:8)
  A hungry ghost (D:6)
  8 wolves
  Menkaure (D:5)
  8 hippogriffs
  12 water moccasins
  5 nagas (Lair:4)
  6 swamp worms (Lair:4)
  12 porcupines
  A wasp (D:11)
  3 slaves (D:4)
  3 black bears
  A phantom (D:4)
  6 orc warriors
  9 ogres
  3 sky beasts
  The ghost of Tobias the Bolt Thrower, an amateur MiHu (D:4)
  16 ice beasts
  2 eyes of draining (D:13)
  2 big kobolds
  16 centaurs
  11 crocodiles
  Blork the orc (D:11)
  9 gnoll sergeants
  34 giant frogs
  A water moccasin zombie (D:9)
  A wyvern zombie (D:11)
  2 scorpions
  10 killer bees
  12 wights
  7 jellies
  11 crimson imps
  6 electric eels
  4 giant frog zombies
  10 hounds
  7 centaur zombies
  16 orc wizards
  2 quasits
  Crazy Yiuf (D:6)
  6 gnoll shamans (Bailey)
  4 orc priests
  Ijyb (D:2)
  2 giant frog skeletons (D:12)
  Jessica (D:3)
  9 iguanas
  11 worker ants
  17 sheep
  A hound skeleton (D:4)
  19 gnolls
  21 adders
  46 river rats
  6 shadow imps
  An adder skeleton (D:9)
  5 oozes
  An adder zombie (D:9)
  5 worms
  6 giant geckos
  44 orcs
  14 ball pythons
  6 bats
  9 giant cockroaches
  4 goblins
  10 hobgoblins
  21 jackals
  5 quokkas
  A giant gecko skeleton (D:5)
  4 giant newts
  13 kobolds
  31 rats
765 creatures vanquished.

Vanquished Creatures (others)
  A spiny frog (Lair:7)
  2 yaks (Lair:7)
  A giant frog (Lair:6)
  A river rat (Lair:7)
  An adder (D:4)
  A quokka (D:6)
  11 fungi
  6 plants
24 creatures vanquished.

Grand Total: 789 creatures vanquished

Notes
Turn   | Place    | Note
--------------------------------------------------------------
     0 | D:1      | inmateoo the Draconian Fire Elementalist began the quest for the Orb.
     0 | D:1      | Reached XP level 1. HP: 14/14 MP: 3/3
   200 | D:1      | Reached XP level 2. HP: 20/20 MP: 0/5
   635 | D:1      | Reached XP level 3. HP: 24/26 MP: 0/6
   639 | D:1      | Learned a level 2 spell: Throw Flame
   643 | D:1      | Learned a level 3 spell: Conjure Flame
  1246 | D:2      | Reached skill level 4 in Fire Magic
  1381 | D:2      | Noticed Ijyb
  1518 | D:2      | Reached XP level 4. HP: 33/33 MP: 2/7
  1703 | D:2      | Killed Ijyb
  2140 | D:3      | Reached XP level 5. HP: 13/38 MP: 2/9
  2379 | D:3      | Noticed Grinder
  2392 | D:3      | Paralysed by Grinder for 4 turns
  2582 | D:3      | Noticed Jessica
  2610 | D:3      | Killed Jessica
  3195 | D:4      | Noticed a slave
  3226 | D:4      | Found Mos Roim's Assorted Antiques.
  3392 | D:4      | Reached skill level 5 in Fire Magic
  3392 | D:4      | Reached XP level 6. HP: 45/45 MP: 4/10
  3574 | D:4      | Found a roughly hewn altar of Beogh.
  3804 | D:4      | Noticed Tobias's ghost (amateur MiHu)
  3842 | D:5      | Entered Level 5 of the Dungeon
  4303 | D:5      | Learned a level 4 spell: Sticky Flame
  4316 | D:5      | Found a radiant altar of Vehumet.
  4800 | D:6      | Found a glowing drain.
  4820 | Sewer    | Entered a sewer
  4882 | Sewer    | Your scales start taking on a glossy black colour.
  4882 | Sewer    | Gained mutation: You are resistant to electric shocks. [Black Draconian growth]
  4882 | Sewer    | Reached XP level 7. HP: 50/50 MP: 10/12
  5092 | Sewer    | Reached skill level 1 in Fighting
  5316 | Sewer    | Reached skill level 6 in Fire Magic
  5895 | D:6      | Reached XP level 8. HP: 61/61 MP: 13/13
  5995 | D:6      | Found a white marble altar of Elyvilon.
  6047 | D:6      | Reached skill level 7 in Fire Magic
  6490 | D:6      | Noticed Crazy Yiuf
  6495 | D:6      | Killed Crazy Yiuf
  6634 | D:6      | Found an iron altar of Okawaru.
  6997 | D:5      | Became a worshipper of Vehumet
  7016 | D:6      | Learned a level 5 spell: Fireball
  7093 | D:4      | Noticed Menkaure
  7098 | D:5      | Killed Menkaure
  7270 | D:4      | Noticed a slave
  7270 | D:4      | Noticed a slave
  7270 | D:4      | Noticed a slave
  7278 | D:4      | Killed a slave
  7286 | D:4      | Killed a slave
  7295 | D:4      | Killed a slave
  7428 | D:4      | Noticed Pikel
  7439 | D:4      | Killed Pikel
  7439 | D:4      | Reached skill level 8 in Fire Magic
  7439 | D:4      | Reached XP level 9. HP: 64/71 MP: 6/16
  7453 | D:4      | Noticed a phantom
  7467 | D:4      | Killed a phantom
  7467 | D:4      | Reached skill level 5 in Spellcasting
  7724 | D:4      | Reached skill level 5 in Dodging
  7724 | D:4      | Reached skill level 5 in Conjurations
  7966 | D:4      | Killed Tobias's ghost
  8293 | D:7      | Reached * piety under Vehumet
  8293 | D:7      | Offered knowledge of Magic Dart by Vehumet.
  8473 | D:7      | Reached skill level 1 in Long Blades
  8708 | D:7      | Found a staircase to the Ecumenical Temple.
  8769 | D:7      | Reached skill level 9 in Fire Magic
  8913 | D:7      | Reached skill level 5 in Fighting
  9265 | D:7      | Noticed Prince Ribbit
  9281 | D:7      | Killed Prince Ribbit
  9335 | D:8      | Noticed Maurice
  9349 | D:8      | Killed Maurice
  9349 | D:8      | Reached XP level 10. HP: 79/81 MP: 5/18
  9536 | D:8      | Reached ** piety under Vehumet
  9536 | D:8      | Offered knowledge of Searing Ray by Vehumet.
  9639 | D:8      | Gained mutation: You have a pair of small horns on your head. [mutagenic meat]
  9640 | D:8      | Gained mutation: You have a pair of horns on your head. [mutagenic meat]
  9641 | D:8      | Gained mutation: Your body sometimes deteriorates upon taking damage. [mutagenic meat]
  9642 | D:8      | Gained mutation: You have large cloven feet. [mutagenic meat]
  9891 | D:8      | Gained mutation: Your tail ends in a poisonous barb. [mutagenic meat]
  9892 | D:8      | Gained mutation: You are occasionally teleported next to monsters. [mutagenic meat]
  9893 | D:8      | Gained mutation: You are agile. (Dex +2) [mutagenic meat]
  9894 | D:8      | Gained mutation: Your tail ends in a sharp poisonous barb. [mutagenic meat]
  9895 | D:8      | Lost mutation: Your tail ends in a sharp poisonous barb. [mutagenic meat]
 10103 | D:8      | Found an opulent altar of Gozag.
 10106 | D:8      | Found an ancient bone altar of Kikubaaqudgha.
 10109 | D:8      | Found a glowing golden altar of the Shining One.
 10752 | D:9      | Got a bloodstained mace
 10753 | D:9      | Identified the +10 mace "Conservator" {freeze, rPois rN+ Dex+6} (You found it on level 9 of the Dungeon)
 10804 | D:9      | Offered knowledge of Mephitic Cloud by Vehumet.
 10826 | D:9      | Learned a level 3 spell: Mephitic Cloud
 10902 | D:9      | Found a staircase to the Orcish Mines.
 10907 | D:9      | Reached *** piety under Vehumet
 10907 | D:9      | Reached skill level 10 in Fire Magic
 10942 | D:9      | Noticed Gastronok
 10959 | D:9      | Found a sparkling altar of Nemelex Xobeh.
 11159 | D:9      | Reached skill level 1 in Maces & Flails
 11700 | D:10     | Entered Level 10 of the Dungeon
 11779 | D:10     | Offered knowledge of Ignite Poison by Vehumet.
 11837 | D:10     | Found an ancient bone altar of Kikubaaqudgha.
 11849 | D:10     | Found a blossoming altar of Fedhas.
 11924 | D:10     | Noticed Fannar
 11959 | D:10     | Killed Fannar
 12157 | D:10     | Reached XP level 11. HP: 91/91 MP: 0/20
 12202 | D:11     | Reached **** piety under Vehumet
 12261 | D:11     | Found Unyfuace's Antique Weapon Shoppe.
 12275 | D:11     | Noticed a deep elf knight
 12276 | D:11     | Noticed Erica
 12283 | D:11     | Killed a deep elf knight
 12293 | D:11     | Killed Erica
 12293 | D:11     | Offered knowledge of Bolt of Draining by Vehumet.
 12305 | D:11     | Noticed Blork the orc
 12305 | D:11     | Noticed Eustachio
 12354 | D:11     | Killed Blork the orc
 12456 | D:11     | Killed Eustachio
 12467 | D:11     | Gained mutation: You can translocate small distances at will. [mutagenic meat]
 12468 | D:11     | Gained mutation: Your flesh is cold resistant. [mutagenic meat]
 12469 | D:11     | Gained mutation: You are robust (+10% HP). [mutagenic meat]
 12470 | D:11     | Gained mutation: You expend magic power (3 MP) to strengthen your wands. [mutagenic meat]
 12505 | D:11     | Reached skill level 11 in Fire Magic
 12617 | D:11     | Reached skill level 5 in Maces & Flails
 12624 | D:11     | Reached skill level 1 in Shields
 12835 | D:11     | Found a staircase to the Lair.
 13851 | D:12     | Noticed a hill giant
 13871 | D:12     | Killed a hill giant
 13901 | D:12     | Got a transparent long sword {antimagic}
 13997 | D:12     | Noticed an eight-headed hydra
 14000 | D:12     | Reached ***** piety under Vehumet
 14007 | D:12     | Offered knowledge of Poisonous Cloud by Vehumet.
 14182 | D:12     | Noticed a hill giant
 14189 | D:12     | Killed a hill giant
 14189 | D:12     | Reached XP level 12. HP: 89/110 MP: 19/22
 14274 | D:12     | Killed an eight-headed hydra
 14737 | D:12     | Noticed a hill giant
 14889 | D:12     | Noticed a five-headed hydra
 14926 | D:12     | Killed a five-headed hydra
 15183 | D:12     | Killed a hill giant
 15309 | D:13     | Noticed a centaur warrior
 15319 | D:13     | Killed a centaur warrior
 15319 | D:13     | Reached skill level 12 in Fire Magic
 15394 | D:13     | Found a frozen archway.
 15405 | IceCv    | Entered an ice cave
 15528 | IceCv    | Noticed an ice dragon
 15528 | IceCv    | Noticed an ice dragon
 16039 | IceCv    | Killed an ice dragon
 16047 | IceCv    | Killed an ice dragon
 16418 | D:13     | Identified the cursed +3 long sword "Etissypp" {antimagic, rC++ Dex+3} (You took it off a centaur on level 12 of the Dungeon)
 16794 | D:13     | Reached XP level 13. HP: 72/117 MP: 12/24
 17179 | D:13     | Learned a level 2 spell: Stoneskin
 17197 | D:13     | Found a portal to a secret trove of treasure.
 17349 | D:13     | Reached skill level 5 in Shields
 17598 | D:13     | Reached skill level 1 in Transmutations
 18643 | D:14     | Found a flagged portal.
 18671 | D:14     | Reached skill level 1 in Earth Magic
 18679 | Bailey   | Entered a bailey
 18977 | Bailey   | Reached ****** piety under Vehumet
 19390 | D:14     | Reached skill level 13 in Fire Magic
 19476 | D:14     | Offered knowledge of Airstrike by Vehumet.
 19476 | D:14     | Reached skill level 5 in Long Blades
 19555 | D:14     | Noticed Louise
 19950 | D:13     | Killed Louise
 20525 | Lair:1   | Entered Level 1 of the Lair of Beasts
 21037 | Lair:1   | Lost mutation: You can translocate small distances at will. [potion of cure mutation]
 21037 | Lair:1   | Lost mutation: You are robust (+10% HP). [potion of cure mutation]
 21037 | Lair:1   | Lost mutation: Your tail ends in a poisonous barb. [potion of cure mutation]
 21037 | Lair:1   | Lost mutation: You are agile. (Dex +2) [potion of cure mutation]
 21037 | Lair:1   | Lost mutation: Your body sometimes deteriorates upon taking damage. [potion of cure mutation]
 22837 | Lair:3   | Learned a level 2 spell: Repel Missiles
 22841 | Lair:3   | Learned a level 2 spell: Blink
 23385 | Lair:4   | Learned a level 6 spell: Bolt of Fire
 23432 | Lair:4   | Gained mutation: Your large and strong wings let you fly indefinitely. [Black Draconian growth]
 23432 | Lair:4   | Reached XP level 14. HP: 102/116 MP: 26/26
 23882 | Lair:4   | Found a staircase to the Snake Pit.
 24295 | Lair:4   | Reached skill level 1 in Charms
 24788 | Lair:4   | Offered knowledge of Freezing Cloud by Vehumet.
 24887 | Lair:4   | Found a staircase to the Swamp.
 26513 | Lair:5   | Noticed Snorg
 26539 | Lair:5   | Killed Snorg
 27706 | Lair:6   | Found a staircase to the Slime Pits.
 28129 | Lair:7   | Offered knowledge of Bolt of Magma by Vehumet.
 28401 | Lair:7   | Reached skill level 10 in Conjurations
 28474 | Lair:8   | Entered Level 8 of the Lair of Beasts
 28650 | Lair:8   | Reached skill level 14 in Fire Magic
 29003 | Lair:7   | Reached skill level 10 in Fighting
 29365 | Lair:7   | Offered knowledge of Iron Shot by Vehumet.
 29381 | Lair:7   | Learned a level 6 spell: Iron Shot
 29616 | Lair:7   | Slain by a spiny frog

Action                   |  1- 3 |  4- 6 |  7- 9 | 10-12 | 13-15 || total
-------------------------+-------+-------+-------+-------+-------++-------
Melee: Unarmed           |   101 |    16 |       |       |       ||   117
       Dagger            |       |   140 |   305 |    52 |       ||   497
       Mace              |       |       |     4 |   340 |   758 ||  1102
       Falchion          |       |       |    14 |       |       ||    14
       Eudemon blade     |       |       |       |    15 |       ||    15
 Cast: Flame Tongue      |    83 |   131 |   150 |   114 |   325 ||   803
       Conjure Flame     |       |     3 |    10 |    26 |    24 ||    63
       Sticky Flame      |       |     1 |    12 |    33 |    82 ||   128
       Fireball          |       |       |     1 |    27 |    17 ||    45
       Mephitic Cloud    |       |       |       |     3 |       ||     3
       Repel Missiles    |       |       |       |       |     1 ||     1
       Blink             |       |       |       |       |     2 ||     2
       Bolt of Fire      |       |       |       |       |     1 ||     1
 Abil: Breathe Lightning |       |       |    11 |    11 |    19 ||    41
       Blink             |       |       |       |       |     4 ||     4
Evoke: Wand              |       |       |       |     3 |    13 ||    16
  Use: Scroll            |       |    18 |     7 |    19 |     8 ||    52
       Potion            |       |     1 |       |     7 |     7 ||    15
 Stab: Sleeping          |       |     1 |     3 |     7 |     3 ||    14
       Distracted        |       |       |     1 |       |     1 ||     2
  Eat: Chunk             |     3 |    12 |    18 |    37 |    34 ||   104
       Pizza             |       |       |     1 |     3 |     4 ||     8
       Fruit             |       |       |     1 |     5 |     3 ||     9
       Beef jerky        |       |       |       |     5 |     1 ||     6
       Meat ration       |       |       |       |       |     2 ||     2
